 Dungeon Crawl Stone Soup version 0.31-a0-325-g067879e3d3 (webtiles) character file.

Game seed: 7110481194540583897

21917 Vomitron the Fighter (level 12, -6/133 HPs)
             Began as an Ogre Fire Elementalist on July 18, 2023.
             Was an Elder of Nemelex Xobeh.
             Mangled by a skyshark (20 damage)
             ... on level 5 of the Lair of Beasts.
             The game lasted 00:33:37 (16377 turns).

Vomitron the Fighter (Ogre Fire Elementalist)      Turns: 16377, Time: 00:33:39

Health: -6/133     AC:  8    Str: 15    XL:     12   Next: 95%
Magic:  11/27      EV:  9    Int: 26    God:    Nemelex Xobeh [****..]
Gold:   1234       SH:  0    Dex:  9    Spells: 13/33 levels left

rFire   . . .        B - +0 demon whip (venom)
rCold   . . .        (no shield)
rNeg    . . .        E - +0 steam dragon scales
rPois   +            (helmet restricted)
rElec   .            s - +1 cloak
rCorr   .            (gloves unavailable)
SInv    .            (boots unavailable)
Will    +....        i - amulet of regeneration
Stlth   +            J - ring of poison resistance
HPRegen 1.22/turn    f - +6 ring of intelligence
MPRegen 0.20/turn

%: no passive effects
@: about to teleport
A: large, unfitting armour, tough skin 1
a: Renounce Religion, Draw Escape, Draw Destruction, Draw Summoning, Triple
Draw, Deal Four


You were on level 5 of the Lair of Beasts.
You worshipped Nemelex Xobeh.
Nemelex Xobeh was greatly pleased with you.
You visited 3 branches of the dungeon, and saw 16 of its levels.

You collected 1234 gold pieces.

Inventory:

Hand Weapons
 d - a +1 dagger of venom
 p - a +1 whip of flaming
 B - a +0 demon whip of venom (weapon)
Missiles
 h - 4 throwing nets
Armour
 a - a +0 robe
 s - a +1 cloak (worn)
 E - +0 steam dragon scales (worn)
 F - +0 acid dragon scales
Magical Staves
 L - a staff of air
Jewellery
 e - a +4 ring of slaying
 f - a +6 ring of intelligence (right hand)
 i - an amulet of regeneration (around neck)
 o - a ring of protection from cold
 t - a +6 ring of strength
 D - a ring of positive energy
 J - a ring of poison resistance (left hand)
Wands
 j - a wand of flame (34)
 l - a wand of paralysis (22)
 q - a wand of quicksilver (25)
 u - a wand of mindburst (26)
 G - a wand of roots (7)
Scrolls
 v - 2 scrolls of fear
 w - a scroll of revelation
 x - 3 scrolls of amnesia
 y - 3 scrolls of butterflies
 H - a scroll of enchant weapon
 O - a scroll of poison
Potions
 b - 3 potions of magic
 c - 2 potions of enlightenment
 g - 6 potions of curing
 k - 2 potions of lignification
 m - 4 potions of mutation
 n - 3 potions of might
 z - 2 potions of attraction
 C - a potion of heal wounds
 I - 2 potions of berserk rage
 M - a potion of haste {unknown}
 N - a potion of ambrosia {unknown}


   Skills:
 + Level 12.3 Fighting
 - Level 3.0 Armour
 - Level 1.7 Dodging
 - Level 1.4 Stealth
 + Level 11.4 Spellcasting
 + Level 8.8 Conjurations
 - Level 2.0 Translocations
 + Level 9.8 Fire Magic
 + Level 1.9 Ice Magic
 - Level 7.1 Invocations


You had 13 spell levels left.
You knew the following spells:

 Your Spells              Type           Power      Damage    Failure   Level
a - Foxfire               Conj/Fire      100%       2x1d9     1%          1
b - Scorch                Fire           100%       2d9       1%          2
c - Volatile Blastmotes   Fire/Tloc      90%        2d17      1%          3
d - Blink                 Tloc           50%        N/A       2%          2
e - Flame Wave            Conj/Fire      59%        2d14      1%          4
f - Freezing Cloud        Conj/Ice/Air   16%        6-21      26%         5
g - Frozen Ramparts       Ice            48%        1d8       5%          3

Your spell library contained the following spells:

 Spells                   Type           Power      Damage    Failure   Level
 Freeze                   Ice            96%        1d10      1%          1
 Kiss of Death            Conj/Necr      100%       2d13      1%          1
 Hailstorm                Conj/Ice       42%        3d10      1%          3
 Inner Flame              Hex/Fire       40%        N/A       1%          3
 Ignite Poison            Fire/Tmut/Pois 31%        N/A       3%          3
 Gell's Gravitas          Tloc           25%        N/A       5%          3
 Teleport Other           Tloc           25%        N/A       5%          3
 Cigotuvi's Dreadful Rot  Necr/Pois/Air  28%        N/A       6%          2
 Confusing Touch          Hex            14%        N/A       12%         3
 Manifold Assault         Tloc           25%        N/A       17%         4
 Anguish                  Hex/Necr       7%         N/A       36%         4
 Cause Fear               Hex            7%         N/A       36%         4
 Dispel Undead            Necr           14%        3d10      36%         4
 Petrify                  Tmut/Erth      14%        N/A       36%         4
 Metabolic Englaciation   Hex/Ice        9%         N/A       58%         5
 Dispersal                Tloc           12%        N/A       95%         6
 Enfeeble                 Hex            7%         N/A       100%        7


Dungeon Overview and Level Annotations

Branches:
Dungeon (10/15)            Temple (1/1) D:7            Lair (4/5) D:8
  Swamp (0/4) Lair:2        Snake (0/4) Lair:2
  Slime: Lair:4-5       Orc: D:9-12

Altars:
Ashenzari
Cheibriados
Dithmenos
Elyvilon
Fedhas
Gozag
Hepliaklqana
Kikubaaqudgha
Makhleb
Nemelex Xobeh
Okawaru
Qazlal
Ru
Sif Muna
Trog
Uskayaw
Vehumet
Wu Jian
Xom
Yredelemnul
Zin
The Shining One

Annotations:
D:9 exclusion: ice statue, Maurice


Innate Abilities, Weirdness & Mutations

You are too large for most types of armour.
You have tough skin. (AC +1)


Message History

The elephant is severely wounded.
The elephant's fire resistance burns away.
The elephant tramples you.
* * * LOW HITPOINT WARNING * * *
You hold your ground!
The elephant closely misses you.
Casting: Scorch (safe; 1% risk of failure)
Confirm with . or Enter, or press ? or * to list all spells.
Flames lash the elephant.
The elephant is lightly wounded.
The elephant's fire resistance burns away.
The elephant tramples you!
* * * LOW HITPOINT WARNING * * *
You hold your ground!
The elephant trunk-slaps you but does no damage.
Unknown command.
As you read the scroll of fear, it crumbles to dust.
You assume a fearsome visage.
The elephant looks frightened! x2
The skyshark looks frightened!
Unknown command.
Unknown command.
Unknown command.
The elephant is no longer more vulnerable to fire. x2
You start resting.
A skyshark is nearby!
As you read the scroll of teleportation, it crumbles to dust.
You feel strangely unstable. The skyshark attacks as you move away!
The skyshark bites you.
The skyshark tastes blood and grows stronger!
The skyshark tail-slaps you.
* * * LOW HITPOINT WARNING * * *
The skyshark tail-slaps you!
* * * LOW HITPOINT WARNING * * *
The skyshark attacks as you move away! The skyshark bites you!
* * * LOW HITPOINT WARNING * * *
The skyshark enters a blood-rage!
The skyshark barely misses you. The skyshark tail-slaps you.
* * * LOW HITPOINT WARNING * * *
The skyshark bites you!!
You die...
Your body glows slightly and disappears.

P#...# .. .. #............
.....##...... ##.## #...........
.P...........##..P####...........
......#............##............
.#...###......#....###...........
#....##P......#....##............
#..#.##.......#.#.##.............
.†...#.......###l##.#............
......#......##.@#..#P...........
............Y....................
###.(.....#.#..##...##.#..#.PP.[.
# ####.####..#############.###...
### #### ### ####


You could see a skyshark (berserk) and an elephant.

Vanquished Creatures
  2 catoblepae
  A two-headed ogre (D:9)
  A death yak (D:9)
  Amaemon (D:8)
  A bog body (Lair:2)
  Pikel (D:6)
  3 elephants (Lair:5)
  4 black mambas
  8 cane toads
  An orange demon (D:8)
  Maggie (D:10)
  A rime drake (Lair:1)
  2 komodo dragons
  A troll (D:9)
  5 polar bears
  Prince Ribbit (D:9)
  A hornet (D:7)
  A blink frog (Lair:5)
  16 yaks
  2 wyverns
  2 basilisks
  6 steam dragons
  3 swamp worms (Lair:2)
  Edmund (D:6)
  An acid dragon (D:9)
  17 water moccasins
  Duvessa (D:6)
  An orc warrior (D:10)
  An ice beast (D:5)
  2 sky beasts
  2 black bears
  7 wolves
  A centaur (D:6)
  2 lemures
  A kobold brigand (D:6)
  12 bullfrogs
  2 gnoll sergeants
  2 scorpions
  Dowan (D:6)
  4 killer bees (D:9)
  4 howler monkeys
  7 crimson imps (D:8)
  5 hounds
  A gnoll bouda (D:9)
  7 orc priests
  A jelly (D:8)
  3 sleepcaps
  Jessica (D:2)
  Natasha (thrice) (D:2)
  Terence (D:2)
  5 iguanas
  10 orc wizards
  A centaur simulacrum (D:9)
  Robin (D:3)
  10 gnolls
  4 adders
  A shadow imp (D:6)
  5 white imps
  3 ufetubi
  4 worms
  4 dart slugs
  35 orcs
  A ball python (D:3)
  5 bats
  2 endoplasms (D:1)
  4 giant cockroaches
  14 goblins
  7 hobgoblins
  3 jackals
  4 quokkas
  11 frilled lizards
  6 kobolds
  2 rats
298 creatures vanquished.

Vanquished Creatures (collateral kills)
  14 foxfires
14 creatures vanquished.

Vanquished Creatures (others)
  743 foxfires
743 creatures vanquished.

Grand Total: 1055 creatures vanquished

Notes
Turn   | Place    | Note
-------+----------+-------------------------------------------
     0 | D:1      | Vomitron the Ogre Fire Elementalist began the quest for the
                  | Orb.
     0 | D:1      | Reached XP level 1. HP: 16/16 MP: 3/3
    75 | D:1      | Reached skill level 1 in Conjurations
   358 | D:1      | Reached XP level 2. HP: 24/26 MP: 2/5
   586 | D:1      | Reached skill level 1 in Fighting
  1049 | D:2      | Noticed Terence
  1057 | D:2      | Killed Terence
  1058 | D:2      | Reached XP level 3. HP: 28/33 MP: 1/7
  1120 | D:2      | Learned a level 2 spell: Scorch
  1141 | D:2      | Reached XP level 4. HP: 40/42 MP: 5/9
  1277 | D:2      | Noticed Natasha
  1283 | D:2      | Killed Natasha
  1284 | D:2      | Reached skill level 2 in Fighting
  1305 | D:2      | Noticed Natasha
  1318 | D:2      | Killed Natasha
  1417 | D:2      | Noticed Jessica
  1427 | D:2      | Killed Jessica
  1428 | D:2      | Reached XP level 5. HP: 46/50 MP: 6/10
  1507 | D:2      | Noticed Natasha
  1511 | D:2      | Killed Natasha
  1579 | D:2      | Found a faded altar of an unknown god.
  1784 | D:3      | Found a radiant altar of Vehumet.
  1968 | D:3      | Noticed Robin
  1995 | D:3      | Killed Robin
  2116 | D:3      | Reached skill level 3 in Fighting
  2116 | D:3      | Reached XP level 6. HP: 61/61 MP: 6/12
  2120 | D:3      | Learned a level 3 spell: Volatile Blastmotes
  2595 | D:3      | Found a basalt altar of Yredelemnul.
  2605 | D:3      | Learned a level 2 spell: Blink
  3757 | D:4      | Reached skill level 1 in Translocations
  3759 | D:4      | Reached XP level 7. HP: 68/68 MP: 6/13
  3953 | D:4      | Reached skill level 4 in Fighting
  4261 | D:5      | Entered Level 5 of the Dungeon
  4768 | D:5      | Noticed a steam dragon
  4772 | D:5      | Reached skill level 5 in Spellcasting
  4776 | D:5      | Killed a steam dragon
  4777 | D:5      | Reached skill level 5 in Fire Magic
  4873 | D:5      | Found a snail-covered altar of Cheibriados.
  4928 | D:5      | Reached XP level 8. HP: 74/79 MP: 12/15
  4939 | D:5      | Reached skill level 5 in Fighting
  5374 | D:5      | Paralysed by an orc wizard for 3 turns
  5685 | D:6      | Noticed Pikel
  5765 | D:6      | Learned a level 4 spell: Flame Wave
  5797 | D:6      | Noticed Dowan
  5802 | D:6      | Noticed Duvessa
  5803 | D:6      | Killed Dowan
  5808 | D:6      | Killed Duvessa
  6078 | D:6      | Reached skill level 6 in Fighting
  6155 | D:6      | Found a sparkling altar of Nemelex Xobeh.
  6158 | D:6      | Found a burning altar of Makhleb.
  6376 | D:6      | Killed Pikel
  6377 | D:6      | Reached XP level 9. HP: 80/92 MP: 3/20
  6525 | D:6      | Became a worshipper of Nemelex Xobeh the Trickster
  6570 | D:6      | Noticed Edmund
  6577 | D:6      | Killed Edmund
  6578 | D:6      | Reached skill level 7 in Fighting
  6663 | D:6      | Reached skill level 1 in Invocations
  6862 | D:6      | Found a blossoming altar of Fedhas.
  6912 | D:6      | Found an ornate altar of the Wu Jian Council.
  6912 | D:6      | Found a snail-covered altar of Cheibriados.
  6914 | D:6      | Found a blossoming altar of Fedhas.
  6914 | D:6      | Found a shimmering altar of Xom.
  6914 | D:6      | Found a shimmering altar of Xom.
  7054 | D:7      | Reached skill level 5 in Conjurations
  7386 | D:7      | Found a staircase to the Ecumenical Temple.
  7391 | Temple   | Entered the Ecumenical Temple
  7539 | D:7      | Noticed a hornet
  7544 | D:7      | Killed a hornet
  7843 | D:7      | Found an iron altar of Okawaru.
  7843 | D:7      | Found a broken altar of Ashenzari.
  8043 | D:7      | Reached * piety under Nemelex Xobeh
  8184 | D:7      | Found a shadowy altar of Dithmenos.
  8201 | D:7      | Found a stormy altar of Qazlal.
  8321 | D:8      | Reached skill level 8 in Fighting
  8321 | D:8      | Reached XP level 10. HP: 76/104 MP: 12/22
  8734 | D:8      | Found a staircase to the Lair.
  8804 | D:8      | Noticed Amaemon
  8805 | D:8      | Noticed an orange demon
  8815 | D:8      | Killed Amaemon
  8818 | D:8      | Killed an orange demon
  9059 | D:8      | Received a gift from Nemelex Xobeh
  9083 | D:8      | Reached skill level 9 in Fighting
  9622 | D:9      | Noticed Prince Ribbit
  9633 | D:9      | Killed Prince Ribbit
  9712 | D:9      | Noticed Maurice
  9726 | D:9      | Reached skill level 5 in Invocations
  9726 | D:9      | Noticed a two-headed ogre
  9734 | D:9      | Killed a two-headed ogre
  9745 | D:9      | Reached XP level 11. HP: 82/115 MP: 6/24
 10370 | D:9      | Found an ancient bone altar of Kikubaaqudgha.
 10773 | D:9      | Noticed a death yak
 10793 | D:9      | Killed a death yak
 10794 | D:9      | Reached skill level 10 in Fighting
 10908 | D:9      | Reached ** piety under Nemelex Xobeh
 10908 | D:9      | Received a gift from Nemelex Xobeh
 11507 | D:10     | Entered Level 10 of the Dungeon
 11510 | D:10     | Noticed Maggie
 11517 | D:10     | Killed Maggie
 11578 | Lair:1   | Entered Level 1 of the Lair of Beasts
 11761 | Lair:1   | Reached skill level 10 in Spellcasting
 12073 | Lair:1   | Upgraded the game from 0.31-a0-321-g19405a7a6a to
                  | 0.31-a0-325-g067879e3d3
 12270 | Lair:1   | Received a gift from Nemelex Xobeh
 12285 | Lair:1   | Reached skill level 11 in Fighting
 12581 | Lair:1   | Reached XP level 12. HP: 84/130 MP: 18/26
 12804 | Lair:1   | Reached skill level 1 in Armour
 13573 | Lair:2   | Found a staircase to the Swamp.
 13577 | Lair:2   | Reached *** piety under Nemelex Xobeh
 13735 | Lair:2   | Noticed a catoblepas
 14020 | Lair:2   | Found a staircase to the Snake Pit.
 14031 | Lair:2   | Received a gift from Nemelex Xobeh
 14267 | Lair:2   | Killed a catoblepas
 14436 | Lair:2   | Identified the +0 robe of the Morning {Slay+3 SInv}
 14777 | Lair:3   | Learned a level 5 spell: Freezing Cloud
 14781 | Lair:3   | Learned a level 3 spell: Frozen Ramparts
 14854 | Lair:3   | Noticed a catoblepas
 14879 | Lair:3   | Killed a catoblepas
 14880 | Lair:3   | Reached skill level 12 in Fighting
 15024 | Lair:3   | Identified the +0 pair of gloves of Okawaru's Condemnation
                  | {rPois}
 15466 | Lair:3   | Reached **** piety under Nemelex Xobeh
 15924 | Lair:4   | Reached skill level 1 in Ice Magic
 16041 | Lair:4   | Received a gift from Nemelex Xobeh
 16184 | Lair:4   | You fall into a shaft and drop 1 floor!
 16184 | Lair:5   | Entered Level 5 of the Lair of Beasts
 16290 | Lair:5   | Noticed a skyshark
 16377 | Lair:5   | Mangled by a skyshark

Illustrated notes

Levels and vault maps discovered:
D:1:      eino_arrival_druids_welcome, layout_loops_corners
D:2:      layout_rooms, hellmonk_ecumenical_altar_arch_garden, uniq_terence,
          uniq_natasha, uniq_jessica
D:3:      layout_basic, yredelemnul_altar_generic, fiery_altar_vehumet,
          serial_park_tiny_1, chequers_serial_rivers_large_b,
          minmay_gold_behind_fungi, bh_walls_and_bars, uniq_robin
D:4:      nicolae_cairo_tiling_large, layout_basic,
          hangedman_abyss_or_decor_stagger
D:5:      layout_basic, marbit_many_paths, serial_corexii_hall,
          corexii_hall_statues_s, corexii_hall_statues_l, minmay_joined_circles
D:6:      layout_cave_pools, doesnt_xom_only_xom,
          mainiacjoe_overflow_catwalk_spiral, lexackson_kobold_supper,
          uniq_duvessa, uniq_edmund, uniq_pikel
D:7:      layout_basic, kennysheep_mini_moat, overflow_temple_1_default,
          nicolae_overflow_two_pavilions, temple_statues
D:8:      layout_basic, dpeg_oklobed_lair, minmay_nine_imps, uniq_amaemon
D:9:      lemuel_ice_statue, layout_basic, kiku_gazebo_garden_becter,
          serial_ice, serial_ice_m, serial_ice_e, serial_ice_h, serial_ice_b,
          serial_ice_j, st_stairs_11, roderic_lattice_a, uniq_maurice,
          uniq_prince_ribbit1
D:10:     nzn_winding_woodlands_small [nzn_winding_woodlands_5x15_longhouse,
          nzn_winding_woodlands_center_lodge,
          nzn_winding_woodlands_5x15_lazy_stream], layout_basic, minivault_8,
          uniq_maggie
Temple:   nicolae_temple_ecumenical_triangle
Lair:1:   layout_regular_city, grunt_megastairs_2
Lair:2:   layout_concentric_octagons, skrybe_swamp_entry_bodies,
          minmay_snake_entry_six_corridors, worms_lemuel
Lair:3:   layout_hall_layers
Lair:4:   layout_hall_layers, slime_entry_1
Lair:5:   hellmonk_lair_end_abyssal_woods, layout_regular_city, uniq_urug

Skill      XL: |  1  2  3  4  5  6  7  8  9 10 11 12 |
---------------+-------------------------------------+-----
Conjurations   | 1 2 3 4 5 6 7 8 |  8.8
Fighting       | 1 2 3 4 6 8 9 11 12 | 12.3
Spellcasting   | 3 4 5 7 8 9 10 11 | 11.4
Fire Magic     | 3 4 5 6 7 8 9 |  9.8
Translocations | 1 2 |  2.0
Invocations    | 3 5 7 |  7.1
Armour         | 3 |  3.0
Ice Magic      | 1 |  1.9
Dodging        | |  1.7
Stealth        | |  1.4

Action                     |  1- 3 |  4- 6 |  7- 9 | 10-12 || total
---------------------------+-------+-------+-------+-------++-------
  Melee: Dagger            |    34 |    49 |    32 |    15 ||   130
         Unarmed           |     5 |       |       |       ||     5
         Punch             |     1 |       |       |     1 ||     2
         Demon whip        |       |       |       |    82 ||    82
   Cast: Foxfire           |    17 |    44 |   130 |   254 ||   445
         Scorch            |       |    31 |    60 |   151 ||   242
         Volatile Blastmot |       |     1 |     5 |    32 ||    38
         Flame Wave        |       |       |     4 |    18 ||    22
         Blink             |       |       |       |     1 ||     1
 Invoke: Draw Destruction  |       |       |       |     4 ||     4
    Use: Scroll            |       |     4 |     6 |    15 ||    25
         Potion            |       |       |       |     1 ||     1
   Stab: Sleeping          |     2 |     2 |       |       ||     4
 Armour: Robe              |    10 |    18 |    15 |    18 ||    61
         Steam dragon scal |       |       |       |    43 ||    43
  Dodge: Dodged            |    16 |    12 |    32 |   106 ||   166

Table legend: (Time is in decaauts)
 A = Elapsed time spent in this place.
 B = Non-inter-level travel time spent in this place.
 C = Inter-level travel time spent in this place.
 D = Time resting spent in this place.
 E = Time spent auto-exploring this place.
 F = Levels seen in this place.
 G = Mean time per level.
                   A        B        C        D        E       F      G
               +--------+--------+--------+--------+--------+-----+--------+
         Total |  16394 |  15830 |    564 |   2922 |  10556 |  16 | 1024.6 |
       Dungeon |  11732 |  11275 |    457 |   1788 |   7867 |  10 | 1173.2 |
        Temple |      1 |      1 |      0 |      0 |      0 |   1 |    1.0 |
          Lair |   4660 |   4553 |    107 |   1134 |   2689 |   5 |  932.0 |
               +--------+--------+--------+--------+--------+-----+--------+

Top non-repeatable levels by time:
     D:9: 1941 daAuts
  Lair:1: 1681 daAuts
     D:5: 1488 daAuts
     D:8: 1446 daAuts
  Lair:2: 1371 daAuts
     D:6: 1293 daAuts
     D:7: 1289 daAuts
     D:3: 1287 daAuts
  Lair:3: 1246 daAuts
     D:4: 1204 daAuts
     D:1: 1017 daAuts
     D:2: 750 daAuts
  Lair:5: 193 daAuts
  Lair:4: 167 daAuts
    D:10: 12 daAuts
